[Event "Charlotte Fall GM-A 2023"]
[Site "Charlotte"]
[Date "2023.11.21"]
[Round "9.5"]
[White "Bellahcene, Bilel"]
[Black "Mardov, Dimitar"]
[Result "1-0"]
[ECO "C77"]
[WhiteElo "2502"]
[BlackElo "2455"]
[Annotator "RC"]
[PlyCount "111"]
[EventDate "2023.11.17"]
[EventType "tourn"]
[EventCountry "USA"]
[SourceTitle "playchess.com"]
[Source "ChessBase"]
[SourceQuality "1"]
[TimeControl "5400+30"]

1. e4 e5 2. Nf3 Nc6 3. Bb5 a6 4. Ba4 Nf6 5. O-O Be7 6. d3 b5 7. Bb3 d6 8. a3 O-O 9. Nc3 Na5 10. Ba2 Be6 11. Bxe6 fxe6 12. b4 Nc6 13. Bg5 Nd7 14. Be3 Bf6 15. Ne2 d5 16. c4 d4 17. Bd2 Nb6 18. c5 Na4 19. Qb3 Qd7 20. h4 a5 21. g3 axb4 22. axb4 Qf7 23. Kg2 Be7 24. Nh2 Kh8 25. f3 Qg6 26. h5 Qxh5 27. Qxe6 Rf6 28. Qb3 Qf7 29. Qxf7 Rxf7 30. f4 Rff8 31. Nf3 Nb2 32. Rab1 Nxd3 33. Rb3 Ndxb4 34. Bxb4 Nxb4 35. Nxe5 Na6 36. Nxd4 Nxc5 37. Re3 Ra4 38. Nec6 Re8 39. e5 b4 40. Rb1 Na6 41. Nxe7 Rxe7 42. Nc6 Re8 43. f5 Ra2+ 44. Kf3 Rc2 45. Nxb4 Nxb4 46. Rxb4 Kg8 47. g4 h6 48. e6 c5 49. Rb7 c4 50. Ra3 Rd8 51. Rd7 Rb8 52. Raa7 Rb3+ 53. Ke4 Re2+ 54. Kd5 Rd3+ 55. Kxc4 Rxd7 56. exd7 1-0